AoeStats
← calexzp

Black Forest

508624834Analyzed
2v2 RM · 9d ago on Sep 23, 2026· 26m 34s· 4 players
Game mode
Random Map
Map size
Medium (4 player)
Population
200
Speed
Normal
Resources
Standard
Victory
Conquest
Starting age
Dark Age
Ending age
Imperial Age
RankedLock teamsTeams togetherTeam positionsShared explorationLock speedFull tech treeHidden civsTurbo modeCheats
Victory
Defeat
🇲🇽 Cumans · Mexico
786
+11
🇲🇽 Japanese · Mexico
785
+11
🇹🇷 Britons · Türkiye
720
-13
🇮🇳 Burgundians · India
624
-9
judge0625
0:28 Loom
12:46 Feudal Age
18:08 Castle Age
16:17 Stone Mining
16:46 Gold Mining
17:12 Double-Bit Axe
17:20 Horse Collar
devil
0:45 Loom
1:38 Wheelbarrow
16:32 Feudal Age
16:33 Double-Bit Axe
19:39 Gold Mining
22:44 Castle Age
24:50 Horse Collar
calexzp
1:48 Loom
13:26 Feudal Age
21:24 Horse Collar
25:23 Double-Bit Axe
GENTE DEL CDN
8:27 Loom
11:30 Feudal Age
12:12 Double-Bit Axe
12:11 Horse Collar
13:44 Horse Collar
16:27 Man-at-Arms
18:14 Scale Mail Armor
19:40 Wheelbarrow
19:21 Forging
21:21 Arson
25:02 Castle Age
26:01 Bow Saw
26:33 Iron Casting
26:14 Chain Mail Armor
25:57 Gold Mining
Connection lost

Rejoining the realm…

Still unreachable

The connection could not be restored.

Session expired

The server has moved on; the page needs a fresh start.